 Dungeon Crawl Stone Soup version 0.30-a0-476-g330ca2eb8e (webtiles) character file.

Game seed: 2523889817631566557

30 drugrobin the Sneak (level 2, -1/26 HPs)
             Began as a Demigod Delver on Dec 21, 2022.
             Slain by an adder (2 damage)
             ... on level 4 of the Dungeon.
             The game lasted 00:02:02 (308 turns).

drugrobin the Sneak (Demigod Delver)                 Turns: 308, Time: 00:02:03

Health: -1/26      AC:  3    Str: 13    XL:     2   Next: 87%
Magic:  4/4        EV: 12    Int: 12    God:
Gold:   19         SH:  0    Dex: 15    Spells: 1/1 levels left

rFire   . . .      SeeInvis .    a - +0 spear
rCold   . . .      Faith    .    (no shield)
rNeg    . . .      Spirit   .    b - +0 leather armour
rPois   .          Reflect  .    (no helmet)
rElec   .          Harm     .    (no cloak)
rCorr   .          Rampage  .    (no gloves)
Will    +....                    (no boots)
Stlth   +++.......               (no amulet)
HPRegen 0.24/turn                h - ring of willpower
MPRegen 0.09/turn                (no ring)

@: flying
A: high MP 1, forlorn, divine attributes
a: no special abilities


You were on level 4 of the Dungeon.
You visited 1 branch of the dungeon, and saw 2 of its levels.

You collected 19 gold pieces.

Inventory:

Hand Weapons
 a - a +0 spear (weapon)
Armour
 b - a +0 leather armour (worn)
Jewellery
 h - a ring of willpower (left hand)
Wands
 g - a wand of digging (3)
Scrolls
 c - a scroll of fog
 d - a scroll of magic mapping
 i - 2 scrolls of teleportation {unknown}
Potions
 f - a potion of haste


   Skills:
 - Level 3.0 Fighting
 + Level 2.2 Polearms
 - Level 2.2 Dodging
 - Level 4.7 Stealth


You had one spell level left.
You didn't know any spells.
Your spell library was empty.

Dungeon Overview and Level Annotations

Branches:
Dungeon (5/15)             Temple (0/1) D:5

Annotations:
D:5 exclusions: hound, iguana and ogre


Innate Abilities, Weirdness & Mutations

You have an increased reservoir of magic. (+10% MP)
You shall have no god before yourself.
Your divine heritage dramatically boosts your attributes as you level up.


Message History

You feel sick. The adder barely misses you.
Unknown command.
Unknown command.
As you read the scroll of fear, it crumbles to dust.
You assume a fearsome visage.
The adder looks frightened!
* * * LOW HITPOINT WARNING * * *
You feel sick.
Unknown command.
Unknown command.
Reach: a) +0 spear
Press: ? - help, Dir - move target, f/p - adder
Aim: an adder (moderately wounded, fleeing, about 54% to evade your +0 spear)
You reach to attack!
You hit the adder.
Your attack snaps the adder out of its fear.
The adder is moderately wounded.
* * * LOW HITPOINT WARNING * * *
You feel sick. The adder bites you but does no damage.
Unknown command.
Unknown command.
Reach: a) +0 spear
Press: ? - help, Dir - move target, f/p - adder
Aim: an adder (moderately wounded, about 54% to evade your +0 spear)
You miss the adder.
The adder is moderately wounded.
* * * LOW HITPOINT WARNING * * *
You feel sick. The adder bites you but does no damage.
Unknown command.
Unknown command.
Unknown command.
Unknown command.
Reach: a) +0 spear
Press: ? - help, Dir - move target, f/p - adder
Aim: an adder (moderately wounded, about 54% to evade your +0 spear)
You hit the adder.
The adder is heavily wounded.
* * * LOW HITPOINT WARNING * * *
You feel sick.
You are no longer poisoned.
The adder bites you.
You die...

#. .....
###.##...
#........
#........
#.......#
#.......#
#.......#
#......>#
#.....S@#
####.####
#


You could see an adder.

Vanquished Creatures
  A jelly (D:4)
  A quokka (D:5)
2 creatures vanquished.

Notes
Turn   | Place    | Note
-------+----------+-------------------------------------------
     0 | D:5      | drugrobin the Demigod Delver began the quest for the Orb.
     0 | D:5      | Reached XP level 1. HP: 18/18 MP: 3/3
    22 | D:5      | Noticed an iguana
    35 | D:5      | Noticed a hound
   126 | D:5      | Noticed an ogre
   261 | D:5      | Noticed a black bear
   261 | D:5      | Noticed a jelly
   261 | D:5      | Noticed a scorpion
   297 | D:4      | Killed a jelly
   298 | D:4      | Reached XP level 2. HP: 9/26 MP: 4/4
   308 | D:4      | HP: 1/26 [poisoned by an adder]
   308 | D:4      | Slain by an adder

Illustrated notes

Levels and vault maps discovered:
D:4:      nicolae_BIG_FREAKIN_CUBE, layout_rooms, led_sif_pool, uniq_eustachio,
          uniq_sigmund
D:5:      lemuel_ratsnest, layout_basic, minmay_temple_entry_statues_fountains,
          serial_shops, shop, kennysheep_little_box, nicolae_take_the_stairs,
          nicolae_shop_competitors_out_of_business, minmay_increasing_density

Skill      XL: |  1 |
---------------+----+-----
Fighting       | 3 |  3.0
Polearms       | 2 |  2.2
Dodging        | 2 |  2.2
Stealth        | |  4.7

Action                   || total
-------------------------++-------
Melee: Spear             ||    19
  Use: Scroll            ||     1
       Potion            ||     1
Armor: Leather armour    ||     7
Dodge: Dodged            ||     9

Table legend: (Time is in decaauts)
 A = Elapsed time spent in this place.
 B = Non-inter-level travel time spent in this place.
 C = Inter-level travel time spent in this place.
 D = Time resting spent in this place.
 E = Time spent auto-exploring this place.
 F = Levels seen in this place.
 G = Mean time per level.
                   A        B        C        D        E       F      G
               +--------+--------+--------+--------+--------+-----+--------+
         Total |    307 |    307 |      0 |      0 |    140 |   2 |  153.5 |
       Dungeon |    307 |    307 |      0 |      0 |    140 |   2 |  153.5 |
               +--------+--------+--------+--------+--------+-----+--------+

Top non-repeatable levels by time:
     D:5: 288 daAuts
     D:4: 18 daAuts
